[Event "49th Rilton Cup 2019-20"]
[Site "Stockholm"]
[Date "2019.12.27"]
[Round "1.1"]
[White "Kollars, Dmitrij"]
[Black "Abdrlauf, Elham"]
[Result "1-0"]
[ECO "C10"]
[WhiteElo "2584"]
[BlackElo "2328"]
[Annotator "ChessBase"]
[PlyCount "82"]
[EventDate "2019.12.27"]
[EventType "swiss"]
[EventCountry "SWE"]
[SourceTitle "playchess.com"]
[Source "ChessBase"]
[SourceQuality "1"]
[TimeControl "30/5400+30:1800+30"]

1. e4 e6 2. d4 d5 3. Nd2 dxe4 4. Nxe4 Nd7 5. Nf3 Ngf6 6. Nxf6+ Nxf6 7. g3 b6 8. Bb5+ Bd7 9. a4 a6 10. Be2 Bc6 11. O-O Be7 12. a5 b5 13. Ne5 Bb7 14. c4 O-O 15. cxb5 axb5 16. Bf3 Bxf3 17. Qxf3 Qxd4 18. Nc6 Qd7 19. Bg5 Nd5 20. Bxe7 Nxe7 21. Rfc1 Nxc6 22. Qxc6 Qxc6 23. Rxc6 Rfc8 24. b4 Kf8 25. Rac1 Ra7 26. R1c5 Ke7 27. Rxb5 Kd7 28. Rc4 c6 29. Rh5 h6 30. Rg4 g6 31. Rxh6 c5 32. Rh7 Kd6 33. bxc5+ Rxc5 34. Rxg6 Rcxa5 35. Rf6 Rf5 36. Rxf5 exf5 37. Kg2 Ke5 38. Rg7 f4 39. g4 Ke4 40. Rg8 Re7 41. h4 Kd5 1-0

[Event "49th Rilton Cup 2019-20"]
[Site "Stockholm"]
[Date "2019.12.27"]
[Round "1.2"]
[White "Furhoff, Johan"]
[Black "Volkov, Sergey"]
[Result "1/2-1/2"]
[ECO "C05"]
[WhiteElo "2327"]
[BlackElo "2578"]
[Annotator "ChessBase"]
[PlyCount "91"]
[EventDate "2019.12.27"]
[EventType "swiss"]
[EventCountry "SWE"]
[SourceTitle "playchess.com"]
[Source "ChessBase"]
[SourceQuality "1"]
[TimeControl "30/5400+30:1800+30"]

1. e4 e6 2. d4 d5 3. Nd2 Nf6 4. e5 Nfd7 5. c3 c5 6. f4 Nc6 7. Ndf3 Qb6 8. Ne2 a5 9. g3 a4 10. Bh3 a3 11. b3 cxd4 12. Nexd4 Nxd4 13. Nxd4 Nb8 14. Be3 Nc6 15. O-O Bc5 16. Qd2 O-O 17. b4 Bxd4 18. Bxd4 Nxd4 19. cxd4 Bd7 20. Rfc1 Rfc8 21. Rc5 Bb5 22. f5 exf5 23. Bxf5 Rxc5 24. dxc5 Qc6 25. Re1 Re8 26. Qc3 Qa6 27. Re3 g6 28. Bg4 h5 29. Bh3 Qa4 30. e6 Qd1+ 31. Re1 d4 32. Rxd1 dxc3 33. Rc1 Rd8 34. e7 Re8 35. Bf1 Bxf1 36. Kxf1 Rxe7 37. Rxc3 Re4 38. b5 Ra4 39. Ke2 Kf8 40. c6 bxc6 41. bxc6 Ra8 42. Kd3 Ke7 43. Kc4 Kd6 44. Kb5 Rb8+ 45. Ka4 Kc7 46. Kxa3 1/2-1/2

[Event "49th Rilton Cup 2019-20"]
[Site "Stockholm"]
[Date "2019.12.27"]
[Round "1.4"]
[White "Estremera Panos, Sergio"]
[Black "Meshkovs, Nikita"]
[Result "0-1"]
[ECO "E29"]
[WhiteElo "2307"]
[BlackElo "2558"]
[Annotator "ChessBase"]
[PlyCount "96"]
[EventDate "2019.12.27"]
[EventType "swiss"]
[EventCountry "SWE"]
[SourceTitle "playchess.com"]
[Source "ChessBase"]
[SourceQuality "1"]
[TimeControl "30/5400+30:1800+30"]

1. d4 Nf6 2. c4 e6 3. Nc3 Bb4 4. e3 O-O 5. Bd3 c5 6. a3 Bxc3+ 7. bxc3 Nc6 8. Ne2 b6 9. O-O Ba6 10. e4 Ne8 11. f4 f5 12. d5 exd5 13. cxd5 Bxd3 14. Qxd3 fxe4 15. Qxe4 Nd6 16. Qc2 Na5 17. Ng3 Qf6 18. f5 Rae8 19. Bf4 Nb5 20. Rac1 Nxa3 21. Qa4 N3c4 22. Qxd7 Qf7 23. Qb5 Qxd5 24. f6 Qc6 25. Qxc6 Nxc6 26. fxg7 Kxg7 27. Nh5+ Kg6 28. g4 N6e5 29. Bxe5 Nxe5 30. Nf4+ Rxf4 31. Rxf4 Nd3 32. Rcf1 Nxf4 33. Rxf4 a5 34. h4 Ra8 35. g5 a4 36. Rf6+ Kh5 37. Kf2 Kxh4 38. g6 hxg6 39. Rxg6 a3 40. Rg1 a2 41. Ra1 Kg4 42. Ke3 Kf5 43. Kd3 Ke5 44. Kc4 Ke4 45. Kb3 b5 46. Kc2 Ke3 47. Re1+ Kf2 48. Ra1 Ke2 0-1

[Event "49th Rilton Cup 2019-20"]
[Site "Stockholm"]
[Date "2019.12.27"]
[Round "1.6"]
[White "Ajay Krishna, S."]
[Black "Moradiabadi, Elshan"]
[Result "0-1"]
[ECO "A04"]
[WhiteElo "2302"]
[BlackElo "2539"]
[Annotator "ChessBase"]
[PlyCount "82"]
[EventDate "2019.12.27"]
[EventType "swiss"]
[EventCountry "SWE"]
[SourceTitle "playchess.com"]
[Source "ChessBase"]
[SourceQuality "1"]
[TimeControl "30/5400+30:1800+30"]

1. Nf3 g6 2. c4 Bg7 3. g3 c5 4. Bg2 Nc6 5. O-O d6 6. Nc3 Qd7 7. e3 Bxc3 8. dxc3 Nf6 9. e4 Qc7 10. Qe2 h6 11. b4 e5 12. a4 Be6 13. Ba3 Nd7 14. Rfd1 a5 15. bxc5 Nxc5 16. Bxc5 dxc5 17. Ne1 Ne7 18. Nc2 O-O 19. Ne3 Rad8 20. Nd5 Bxd5 21. cxd5 Nc8 22. Rf1 Nd6 23. f4 Rde8 24. f5 c4 25. Qe3 Kh7 26. Rf2 gxf5 27. Raf1 Rg8 28. Kh1 Qe7 29. Bh3 fxe4 30. Bf5+ Kg7 31. Bxe4 Qg5 32. Qe2 Rgf8 33. h4 Nxe4 34. Qxe4 Qg6 35. Rf5 Kh8 36. Kh2 f6 37. Qxc4 e4 38. d6 Rg8 39. Kh1 Qxg3 40. Qe2 Rg4 41. Rh5 Qh3+ 0-1

[Event "49th Rilton Cup 2019-20"]
[Site "Stockholm"]
[Date "2019.12.27"]
[Round "1.7"]
[White "Kulaots, Kaido"]
[Black "Ranaldi, Lucas"]
[Result "1-0"]
[ECO "A05"]
[WhiteElo "2538"]
[BlackElo "2296"]
[Annotator "ChessBase"]
[PlyCount "69"]
[EventDate "2019.12.27"]
[EventType "swiss"]
[EventCountry "SWE"]
[SourceTitle "playchess.com"]
[Source "ChessBase"]
[SourceQuality "1"]
[TimeControl "30/5400+30:1800+30"]

1. Nf3 Nf6 2. g3 b6 3. Bg2 Bb7 4. O-O c5 5. d3 e6 6. e4 d6 7. Nc3 Be7 8. Ng5 Nc6 9. f4 O-O 10. f5 h6 11. Nh3 exf5 12. Rxf5 Bc8 13. Rf1 Bg4 14. Qd2 Bxh3 15. Bxh3 d5 16. exd5 Nxd5 17. Qg2 Nxc3 18. bxc3 Nb4 19. Bf5 Bf6 20. Bd2 Na6 21. Qf3 Rb8 22. h4 Nc7 23. Be4 Ne8 24. Qf5 g6 25. Qf3 h5 26. g4 Bxh4 27. gxh5 Bg5 28. hxg6 f5 29. Bxf5 Kg7 30. Qh5 Bxd2 31. Qh7+ Kf6 32. Be4+ Ke6 33. Rxf8 Qg5+ 34. Kh1 Nf6 35. Qf7+ {[%emt 0:00:46] Kd5} 1-0

[Event "49th Rilton Cup 2019-20"]
[Site "Stockholm"]
[Date "2019.12.27"]
[Round "1.8"]
[White "Dragicevic, Drazen"]
[Black "Blomqvist, Erik"]
[Result "0-1"]
[ECO "A37"]
[WhiteElo "2294"]
[BlackElo "2537"]
[Annotator "ChessBase"]
[PlyCount "36"]
[EventDate "2019.12.27"]
[EventType "swiss"]
[EventCountry "SWE"]
[SourceTitle "playchess.com"]
[Source "ChessBase"]
[SourceQuality "1"]
[TimeControl "30/5400+30:1800+30"]

1. c4 c5 2. Nf3 Nc6 3. Nc3 g6 4. g3 Bg7 5. Bg2 d6 6. O-O Bf5 7. h3 Nf6 8. d3 O-O 9. e4 Bd7 10. Be3 a6 11. a4 Rb8 12. Kh2 e5 13. Ne1 Nd4 14. f4 exf4 15. Bxf4 Nh5 16. Bxd6 Bxa4 17. Rxa4 Qxd6 18. Qg4 Nxg3 0-1

[Event "49th Rilton Cup 2019-20"]
[Site "Stockholm"]
[Date "2019.12.27"]
[Round "1.9"]
[White "Hillarp Persson, Tiger"]
[Black "Calzetta Ruiz, Monica"]
[Result "1-0"]
[ECO "A04"]
[WhiteElo "2537"]
[BlackElo "2292"]
[Annotator "ChessBase"]
[PlyCount "65"]
[EventDate "2019.12.27"]
[EventType "swiss"]
[EventCountry "SWE"]
[SourceTitle "playchess.com"]
[Source "ChessBase"]
[SourceQuality "1"]
[TimeControl "30/5400+30:1800+30"]

1. Nf3 c5 2. g3 Nc6 3. Bg2 Nf6 4. O-O d5 5. d4 e6 6. b3 cxd4 7. Nxd4 Bc5 8. Nxc6 bxc6 9. c4 O-O 10. Qc2 Qe7 11. Nc3 Ba6 12. Na4 Bd4 13. Rb1 Rab8 14. Rd1 Be5 15. e4 dxc4 16. Be3 cxb3 17. axb3 Rfd8 18. f4 Ng4 19. Bc5 Bd6 20. Rxd6 Rxd6 21. e5 Bd3 22. Qd1 Bxb1 23. Bxd6 Qd8 24. Qxb1 h5 25. h3 Ne3 26. Bxb8 Qxb8 27. Qd3 Nxg2 28. Kxg2 Qb4 29. Nb2 a5 30. h4 c5 31. Qc2 Qb7+ 32. Kh2 g6 33. Na4 1-0

[Event "49th Rilton Cup 2019-20"]
[Site "Stockholm"]
[Date "2019.12.27"]
[Round "1.11"]
[White "Schoppen, Casper"]
[Black "Andersson, Goran L."]
[Result "1-0"]
[ECO "E04"]
[WhiteElo "2507"]
[BlackElo "2282"]
[Annotator "ChessBase"]
[PlyCount "67"]
[EventDate "2019.12.27"]
[EventType "swiss"]
[EventCountry "SWE"]
[SourceTitle "playchess.com"]
[Source "ChessBase"]
[SourceQuality "1"]
[TimeControl "30/5400+30:1800+30"]

1. d4 d5 2. c4 e6 3. Nf3 Nf6 4. g3 dxc4 5. Bg2 a6 6. O-O Nc6 7. e3 Rb8 8. Qe2 b5 9. b3 cxb3 10. axb3 Bb7 11. Rd1 Be7 12. Ba3 Bxa3 13. Nxa3 Nb4 14. Nc2 Qd6 15. Ne5 Nxc2 16. Qxc2 Bxg2 17. Kxg2 O-O 18. e4 Rfc8 19. Nc6 Rb6 20. Rac1 Ne8 21. e5 Qd5+ 22. Kg1 Kf8 23. Nb4 Qd7 24. d5 f5 25. Qc5+ Kf7 26. Nc6 exd5 27. Rxd5 Qxc6 28. Qxc6 Rxc6 29. Rxc6 Ke7 30. f4 Ra8 31. e6 Nd6 32. Rxc7+ Kxe6 33. Re5+ Kf6 34. Rce7 1-0

[Event "49th Rilton Cup 2019-20"]
[Site "Stockholm"]
[Date "2019.12.27"]
[Round "1.12"]
[White "Larsen, Karsten"]
[Black "Hauge, Lars Oskar"]
[Result "1-0"]
[ECO "A04"]
[WhiteElo "2278"]
[BlackElo "2504"]
[Annotator "ChessBase"]
[PlyCount "87"]
[EventDate "2019.12.27"]
[EventType "swiss"]
[EventCountry "SWE"]
[SourceTitle "playchess.com"]
[Source "ChessBase"]
[SourceQuality "1"]
[TimeControl "30/5400+30:1800+30"]

1. Nf3 f5 2. d4 Nf6 3. Nc3 e6 4. a3 Be7 5. Bg5 d5 6. e3 O-O 7. Ne2 c5 8. c3 Nc6 9. Nf4 c4 10. g3 b5 11. Bg2 Rb8 12. O-O a5 13. Nd2 Ne8 14. Bxe7 Nxe7 15. h4 Nc7 16. Qc2 Nc6 17. Rfb1 Qd6 18. b3 Bd7 19. a4 cxb3 20. Nxb3 e5 21. dxe5 Nxe5 22. axb5 Nc4 23. Nd4 Na3 24. Rxa3 Qxa3 25. b6 Na6 26. Nxd5 Qd6 27. Qa2 Nc5 28. Qxa5 Kh8 29. Qb4 Rfc8 30. Kh2 Qe5 31. Kg1 Ne4 32. c4 Re8 33. Rc1 Ra8 34. Nf3 Qb8 35. Nc7 Ra4 36. Qb2 Re7 37. Nd4 Nc5 38. Qb1 Rf7 39. Nc6 Qc8 40. Ne5 Re7 41. Nxd7 Qxd7 42. Rd1 Rb4 43. Qa1 Ra4 44. Qxa4 1-0

[Event "49th Rilton Cup 2019-20"]
[Site "Stockholm"]
[Date "2019.12.27"]
[Round "1.13"]
[White "Valsecchi, Alessio"]
[Black "Foisor, Sabina-Francesca"]
[Result "1-0"]
[ECO "A11"]
[WhiteElo "2503"]
[BlackElo "2274"]
[Annotator "ChessBase"]
[PlyCount "53"]
[EventDate "2019.12.27"]
[EventType "swiss"]
[EventCountry "SWE"]
[SourceTitle "playchess.com"]
[Source "ChessBase"]
[SourceQuality "1"]
[TimeControl "30/5400+30:1800+30"]

1. c4 c6 2. Nf3 d5 3. e3 Nf6 4. Nc3 g6 5. d4 Bg7 6. Bd3 O-O 7. O-O a6 8. h3 b5 9. b3 Nbd7 10. Qc2 Bb7 11. c5 Re8 12. Bb2 Qb8 13. Ne2 a5 14. a3 Ne4 15. Bxe4 dxe4 16. Ng5 f5 17. Ne6 Nf6 18. Nxg7 Kxg7 19. f3 Bc8 20. fxe4 Nxe4 21. d5+ Kg8 22. Nc3 cxd5 23. Nxe4 dxe4 24. Rac1 Ra6 25. c6 Qc7 26. Qc5 Be6 27. Qd4 1-0

[Event "49th Rilton Cup 2019-20"]
[Site "Stockholm"]
[Date "2019.12.27"]
[Round "1.14"]
[White "Crevatin, Leo"]
[Black "Quesada Perez, Luis Ernesto"]
[Result "0-1"]
[ECO "A61"]
[WhiteElo "2258"]
[BlackElo "2499"]
[Annotator "ChessBase"]
[PlyCount "88"]
[EventDate "2019.12.27"]
[EventType "swiss"]
[EventCountry "SWE"]
[SourceTitle "playchess.com"]
[Source "ChessBase"]
[SourceQuality "1"]
[TimeControl "30/5400+30:1800+30"]

1. d4 Nf6 2. c4 c5 3. d5 e6 4. Nc3 exd5 5. cxd5 d6 6. Nf3 g6 7. Bf4 a6 8. a4 Bg7 9. e3 O-O 10. Be2 Bg4 11. O-O Re8 12. Nd2 Bxe2 13. Qxe2 Nh5 14. Bg3 Nxg3 15. hxg3 Nd7 16. Nc4 Ne5 17. a5 Nxc4 18. Qxc4 b5 19. axb6 Qxb6 20. Ra2 Qb4 21. Qd3 a5 22. Rfa1 Reb8 23. Qc2 h5 24. Ne4 c4 25. Ra4 Qxb2 26. Qxc4 Qxa1+ 27. Rxa1 Bxa1 28. Nxd6 Be5 29. Nb5 a4 30. f4 Bf6 31. Qc6 Bb2 32. f5 gxf5 33. Qd7 Rxb5 34. Qxb5 a3 35. Qb7 Ra5 36. Qc8+ Kg7 37. Qxf5 Bf6 38. Qxh5 a2 39. Qg4+ Kh6 40. Qh3+ Kg6 41. Qg4+ Bg5 42. Qe4+ Kh6 43. Qe8 a1=Q+ 44. Kh2 Kg7 0-1

[Event "49th Rilton Cup 2019-20"]
[Site "Stockholm"]
[Date "2019.12.27"]
[Round "1.15"]
[White "Miezis, Normunds"]
[Black "Torngren, Gustav"]
[Result "1-0"]
[ECO "A20"]
[WhiteElo "2486"]
[BlackElo "2255"]
[Annotator "ChessBase"]
[PlyCount "93"]
[EventDate "2019.12.27"]
[EventType "swiss"]
[EventCountry "SWE"]
[SourceTitle "playchess.com"]
[Source "ChessBase"]
[SourceQuality "1"]
[TimeControl "30/5400+30:1800+30"]

1. c4 e5 2. g3 Be7 3. Nc3 f5 4. d4 d6 5. Bg2 Nf6 6. e3 O-O 7. Nge2 c6 8. b3 Be6 9. O-O Bf7 10. Bh3 Bg6 11. Bb2 Qc7 12. Qd2 Nbd7 13. f3 a5 14. Rad1 Rfe8 15. Kh1 Bf8 16. Bg2 Rad8 17. Rde1 Qb8 18. Rc1 b5 19. cxb5 cxb5 20. f4 e4 21. d5 Qb7 22. Rcd1 b4 23. Na4 Bh5 24. h3 Rc8 25. Kh2 Bxe2 26. Qxe2 Nxd5 27. Qd2 N5b6 28. Nxb6 Nxb6 29. g4 Qf7 30. Rf2 d5 31. gxf5 Qxf5 32. Rg1 Re6 33. Bf1 Rg6 34. Rfg2 Rxg2+ 35. Rxg2 Rc6 36. Be2 Rg6 37. Bg4 Qf7 38. Kh1 Rc6 39. Bd4 h5 40. Be2 Qf5 41. Kh2 Be7 42. Rxg7+ Kf8 43. Qd1 Bf6 44. Rg2 Bd8 45. Bxh5 Bf6 46. Bg4 Qh7 47. Bxb6 1-0

[Event "49th Rilton Cup 2019-20"]
[Site "Stockholm"]
[Date "2019.12.27"]
[Round "1.16"]
[White "Pratyusha, Bodda"]
[Black "Nesterov, Arseniy"]
[Result "1/2-1/2"]
[ECO "A45"]
[WhiteElo "2253"]
[BlackElo "2482"]
[Annotator "ChessBase"]
[PlyCount "126"]
[EventDate "2019.12.27"]
[EventType "swiss"]
[EventCountry "SWE"]
[SourceTitle "playchess.com"]
[Source "ChessBase"]
[SourceQuality "1"]
[TimeControl "30/5400+30:1800+30"]

1. d4 Nf6 2. Bf4 e6 3. e3 b6 4. Nf3 Be7 5. h3 c5 6. Nc3 a6 7. d5 d6 8. a4 O-O 9. Bc4 e5 10. Bh2 Ne8 11. O-O Nd7 12. e4 g6 13. Qe2 Ng7 14. Ne1 Nh5 15. Nd3 Bg5 16. g3 Bf6 17. g4 Ng7 18. f4 exf4 19. Bxf4 Qe7 20. e5 Nxe5 21. Nxe5 Bxe5 22. Bxe5 dxe5 23. Rae1 Qh4 24. Qg2 Ne8 25. Ne4 Bb7 26. Qh2 Qe7 27. g5 b5 28. axb5 axb5 29. Bxb5 Bxd5 30. Nf6+ Nxf6 31. gxf6 Qb7 32. c4 Bc6 33. Qd2 Kh8 34. Bxc6 Qxc6 35. Rxe5 Rab8 36. Re7 Rb3 37. Rxf7 Rg3+ 38. Kh2 Rxh3+ 39. Kxh3 Qe6+ 40. Kg3 Qxf7 41. Qd6 h5 42. Qxc5 Rb8 43. Qe7 Kg8 44. b4 h4+ 45. Kh3 Re8 46. Qxf7+ Kxf7 47. b5 Re3+ 48. Kg2 Rc3 49. b6 Rxc4 50. Rb1 Rc8 51. b7 Rb8 52. Rb6 g5 53. Kh3 Kg6 54. Kg4 Kh6 55. Kf5 h3 56. f7+ Kg7 57. Rf6 h2 58. f8=Q+ Rxf8 59. Rxf8 h1=Q 60. b8=Q Qf3+ 61. Kxg5 Qxf8 62. Qe5+ Kg8 63. Qe6+ Qf7 1/2-1/2

[Event "49th Rilton Cup 2019-20"]
[Site "Stockholm"]
[Date "2019.12.27"]
[Round "1.17"]
[White "Pavlovic, Milos"]
[Black "Gueci, Tea"]
[Result "1-0"]
[ECO "A46"]
[WhiteElo "2480"]
[BlackElo "2250"]
[Annotator "ChessBase"]
[PlyCount "99"]
[EventDate "2019.12.27"]
[EventType "swiss"]
[EventCountry "SWE"]
[SourceTitle "playchess.com"]
[Source "ChessBase"]
[SourceQuality "1"]
[TimeControl "30/5400+30:1800+30"]

1. d4 Nf6 2. Nf3 e6 3. e3 b6 4. Bd3 Bb7 5. O-O Be7 6. c4 c5 7. Nc3 O-O 8. d5 d6 9. e4 e5 10. Ne1 Nbd7 11. g3 g6 12. Bh6 Re8 13. Ng2 Nh5 14. Bc2 Ng7 15. Ba4 a6 16. Ne3 Qc7 17. Qe2 Red8 18. f4 exf4 19. gxf4 Bf6 20. e5 dxe5 21. Ng4 e4 22. f5 Bd4+ 23. Kh1 b5 24. Bf4 Qb6 25. Nh6+ Kf8 26. fxg6 Qxg6 27. Nxe4 Ne5 28. Bxe5 Qxh6 29. Bxd4 cxd4 30. Qf2 Qg6 31. Nc5 Bxd5+ 32. cxd5 bxa4 33. Qxd4 Rd6 34. Ne4 Rd7 35. Rg1 Qh6 36. Rg2 Rc8 37. Rag1 f5 38. Nf6 Rdc7 39. d6 Rc1 40. d7 Rxg1+ 41. Rxg1 Rd8 42. Nxh7+ Kg8 43. Nf6+ Kf7 44. Nd5 Rxd7 45. Qe5 Kf8 46. Nf6 Kf7 47. Rxg7+ Qxg7 48. Nxd7 Qg4 49. Qd5+ Ke7 50. Ne5 1-0

[Event "49th Rilton Cup 2019-20"]
[Site "Stockholm"]
[Date "2019.12.27"]
[Round "1.19"]
[White "Gagare, Shardul"]
[Black "Valkama, Eero"]
[Result "1-0"]
[ECO "C50"]
[WhiteElo "2468"]
[BlackElo "2249"]
[Annotator "ChessBase"]
[PlyCount "101"]
[EventDate "2019.12.27"]
[EventType "swiss"]
[EventCountry "SWE"]
[SourceTitle "playchess.com"]
[Source "ChessBase"]
[SourceQuality "1"]
[TimeControl "30/5400+30:1800+30"]

1. e4 e5 2. Bc4 Nc6 3. Nf3 Bc5 4. d3 Nf6 5. c3 a6 6. Nbd2 O-O 7. h3 d6 8. Bb3 Be6 9. O-O h6 10. Re1 Qd7 11. Nf1 b5 12. Ng3 Bxb3 13. axb3 d5 14. b4 Bb6 15. exd5 Qxd5 16. Qc2 Rfe8 17. Be3 Bxe3 18. Rxe3 Re6 19. Nd2 Ne7 20. Nb3 Ng6 21. c4 Qc6 22. Na5 Qd7 23. Rae1 Rb8 24. Qc3 Rc8 25. Kh2 Rd6 26. Nb7 Rb6 27. Nc5 Qc6 28. Nf5 Qa8 29. Rg3 Re8 30. Ree3 Qc8 31. Rgf3 Nh7 32. Ne4 Ne7 33. Qxe5 Nxf5 34. Qxf5 Qxf5 35. Rxf5 bxc4 36. dxc4 Rxb4 37. b3 Re6 38. Ra5 Reb6 39. Nc5 Nf6 40. Rxa6 Rxa6 41. Nxa6 Rb7 42. Nc5 Rb6 43. g4 Rc6 44. Re5 g6 45. Kg2 Nh7 46. b4 Rd6 47. Re8+ Nf8 48. b5 Rd4 49. Rc8 Kg7 50. Rxc7 Rxc4 51. Ne6+ 1-0

[Event "49th Rilton Cup 2019-20"]
[Site "Stockholm"]
[Date "2019.12.27"]
[Round "1.20"]
[White "Petersson, Baldur Teodor"]
[Black "Alexakis, Dimitrios"]
[Result "0-1"]
[ECO "B30"]
[WhiteElo "2247"]
[BlackElo "2093"]
[Annotator "NA"]
[PlyCount "56"]
[EventDate "2019.12.27"]
[EventType "swiss"]
[EventCountry "SWE"]
[SourceTitle "playchess.com"]
[Source "ChessBase"]
[SourceQuality "1"]
[TimeControl "30/5400+30:1800+30"]

1. e4 c5 2. Nf3 Nc6 3. d3 g6 4. g3 Bg7 5. Bg2 Nf6 6. O-O O-O 7. c3 d6 8. Re1 Bd7 9. d4 cxd4 10. cxd4 Bg4 11. Nc3 Qb6 12. d5 Ne5 13. Rb1 Nfd7 14. Be3 Qa6 15. h3 Bxf3 16. Bxf3 Nxf3+ 17. Qxf3 Ne5 18. Qd1 Rfc8 19. Kg2 b6 20. Qb3 Nd3 21. Rh1 Qc4 22. Qxc4 Rxc4 23. Bd2 Rac8 24. b3 Rxc3 25. Bxc3 Rxc3 26. Rhd1 Nc5 27. Re1 Rc2 28. Rbc1 Nd3 0-1

[Event "49th Rilton Cup 2019-20"]
[Site "Stockholm"]
[Date "2019.12.27"]
[Round "1.21"]
[White "Keinanen, Toivo"]
[Black "Levi, Netanel"]
[Result "1-0"]
[ECO "A01"]
[WhiteElo "2447"]
[BlackElo "2247"]
[Annotator "NA RC"]
[PlyCount "53"]
[EventDate "2019.12.27"]
[EventType "swiss"]
[EventCountry "SWE"]
[SourceTitle "playchess.com"]
[Source "ChessBase"]
[SourceQuality "1"]
[TimeControl "30/5400+30:1800+30"]

1. b3 e5 2. Bb2 Nc6 3. Nf3 e4 4. Nd4 Nxd4 5. Bxd4 d5 6. e3 Nf6 7. c4 c6 8. Nc3 Be7 9. cxd5 cxd5 10. Bb5+ Bd7 11. Bxd7+ Qxd7 12. d3 Qf5 13. O-O O-O 14. dxe4 dxe4 15. Rc1 Nd5 16. Bxg7 Rfd8 17. Bd4 Bf6 18. Ne2 Nb4 19. f3 Bxd4 20. Nxd4 Qg6 21. fxe4 Qxe4 22. Qe1 Nd3 23. Qg3+ Qg6 24. Rc7 Re8 25. Rfxf7 Qxg3 26. hxg3 Rxe3 27. Rg7+ 1-0

[Event "49th Rilton Cup 2019-20"]
[Site "Stockholm"]
[Date "2019.12.27"]
[Round "1.22"]
[White "Chan, Kim Yew"]
[Black "Seo, Jung Min"]
[Result "1/2-1/2"]
[ECO "E63"]
[WhiteElo "2245"]
[BlackElo "2444"]
[Annotator "NA"]
[PlyCount "52"]
[EventDate "2019.12.27"]
[EventType "swiss"]
[EventCountry "SWE"]
[SourceTitle "playchess.com"]
[Source "ChessBase"]
[SourceQuality "1"]
[TimeControl "30/5400+30:1800+30"]

1. Nf3 Nf6 2. g3 g6 3. Bg2 Bg7 4. O-O O-O 5. c4 d6 6. d4 Nc6 7. Nc3 a6 8. d5 Na5 9. b3 c5 10. dxc6 Nxc6 11. Bb2 Rb8 12. Qc1 Qa5 13. Rd1 b5 14. Nd5 Nxd5 15. cxd5 Bxb2 16. Qxb2 Na7 17. Qd4 Rb7 18. b4 Qd8 19. Rac1 Bd7 20. Qe3 Kg7 21. Qc3+ Kg8 22. Qe3 Kg7 23. Qc3+ Kg8 24. Qd2 Kg7 25. Qc3+ Kg8 26. Qe3 Kg7 1/2-1/2

[Event "49th Rilton Cup 2019-20"]
[Site "Stockholm"]
[Date "2019.12.27"]
[Round "1.24"]
[White "Dev, Shah"]
[Black "Oratovsky, Michael"]
[Result "1/2-1/2"]
[ECO "A41"]
[WhiteElo "2242"]
[BlackElo "2423"]
[Annotator "NA"]
[PlyCount "61"]
[EventDate "2019.12.27"]
[EventType "swiss"]
[EventCountry "SWE"]
[SourceTitle "playchess.com"]
[Source "ChessBase"]
[SourceQuality "1"]
[TimeControl "30/5400+30:1800+30"]

1. d4 d6 2. c4 e5 3. Nc3 exd4 4. Qxd4 Nc6 5. Qd2 Nf6 6. b3 a5 7. Bb2 a4 8. Rd1 axb3 9. axb3 g6 10. g3 Bg7 11. Bg2 O-O 12. Nf3 Nd7 13. Na4 Nde5 14. Nxe5 Nxe5 15. O-O Nxc4 16. bxc4 Rxa4 17. Bxg7 Kxg7 18. c5 Ra6 19. Bxb7 Bxb7 20. Qb2+ Qf6 21. Qxb7 dxc5 22. Rc1 Ra2 23. Qxc7 Rxe2 24. Qxc5 Rfe8 25. Qc3 R8e6 26. Qxf6+ Rxf6 27. Kg2 h5 28. h4 Rf5 29. Rc3 Rf6 30. Rf3 Rxf3 31. Kxf3 1/2-1/2

[Event "49th Rilton Cup 2019-20"]
[Site "Stockholm"]
[Date "2019.12.28"]
[Round "2.1"]
[White "Haug, Johannes"]
[Black "Kollars, Dmitrij"]
[Result "1/2-1/2"]
[ECO "D74"]
[WhiteElo "2407"]
[BlackElo "2584"]
[Annotator "ChessBase"]
[PlyCount "71"]
[EventDate "2019.12.27"]
[EventType "swiss"]
[EventCountry "SWE"]
[SourceTitle "playchess.com"]
[Source "ChessBase"]
[SourceQuality "1"]
[TimeControl "40/5400+30:1800+30"]

1. d4 Nf6 2. c4 g6 3. Nf3 Bg7 4. g3 O-O 5. Bg2 d5 6. cxd5 Nxd5 7. O-O Nc6 8. e4 Nb6 9. d5 Na5 10. Nc3 c6 11. Bf4 Nac4 12. Qe2 e5 13. dxe6 Bxe6 14. Rac1 Bg4 15. h3 Bxf3 16. Bxf3 Qe7 17. b3 Ne5 18. Bg2 Rad8 19. Rfd1 Rfe8 20. Be3 Rxd1+ 21. Rxd1 Ned7 22. Qc2 h5 23. f4 h4 24. g4 Nf8 25. e5 g5 26. fxg5 Qxe5 27. Ne4 Ne6 28. Qf2 Nd5 29. Rf1 Qc7 30. Nd6 Rd8 31. Nxf7 Nxe3 32. Nxd8 Qxd8 33. Qf7+ Kh8 34. Qh5+ Kg8 35. Qf7+ Kh8 36. Qh5+ 1/2-1/2

[Event "49th Rilton Cup 2019-20"]
[Site "Stockholm"]
[Date "2019.12.28"]
[Round "2.2"]
[White "Lindberg, Bengt"]
[Black "Thybo, Jesper Sondergaard"]
[Result "0-1"]
[ECO "B67"]
[WhiteElo "2401"]
[BlackElo "2576"]
[Annotator "ChessBase"]
[PlyCount "62"]
[EventDate "2019.12.27"]
[EventType "swiss"]
[EventCountry "SWE"]
[SourceTitle "playchess.com"]
[Source "ChessBase"]
[SourceQuality "1"]
[TimeControl "40/5400+30:1800+30"]

1. e4 c5 2. Nf3 d6 3. d4 cxd4 4. Nxd4 Nf6 5. Nc3 Nc6 6. Bg5 e6 7. Qd2 a6 8. O-O-O Bd7 9. f3 Nxd4 10. Qxd4 Be7 11. h4 Qc7 12. Kb1 b5 13. Qd2 b4 14. Ne2 a5 15. Bxf6 gxf6 16. Nd4 Qc5 17. f4 Rg8 18. Rh3 a4 19. Re3 Bd8 20. Nf3 Bc7 21. b3 Ke7 22. Rd3 Ra5 23. Rd4 Rga8 24. Bc4 axb3 25. Bxb3 Rxa2 26. Bxa2 Qa5 27. c4 bxc3 28. Qe2 Rb8+ 29. Ka1 Rb2 30. Qc4 Bb5 31. Qxc7+ Qxc7 0-1

[Event "49th Rilton Cup 2019-20"]
[Site "Stockholm"]
[Date "2019.12.28"]
[Round "2.4"]
[White "Quesada Vera, Liordis"]
[Black "Urkedal, Frode Olav Olsen"]
[Result "0-1"]
[ECO "C26"]
[WhiteElo "2391"]
[BlackElo "2545"]
[Annotator "ChessBase"]
[PlyCount "56"]
[EventDate "2019.12.27"]
[EventType "swiss"]
[EventCountry "SWE"]
[SourceTitle "playchess.com"]
[Source "ChessBase"]
[SourceQuality "1"]
[TimeControl "40/5400+30:1800+30"]

1. e4 e5 2. Nc3 Nf6 3. g3 Bc5 4. Bg2 O-O 5. Nge2 c6 6. O-O d5 7. exd5 cxd5 8. d4 exd4 9. Na4 Be7 10. Nxd4 Bg4 11. f3 Bd7 12. Nc3 Qb6 13. Kh1 Nc6 14. Nce2 Rfe8 15. c3 Rac8 16. g4 h6 17. Nc2 Bc5 18. b3 Ne5 19. Ned4 Bd6 20. Bb2 Ng6 21. Qd2 Bb8 22. Rfe1 h5 23. gxh5 Nxh5 24. Rxe8+ Rxe8 25. Re1 Rxe1+ 26. Nxe1 Qf6 27. Qf2 Ne5 28. Kg1 Ng4 0-1